 Dungeon Crawl Stone Soup version 0.24.0-125-gc4c63601f3 (webtiles) character file.

Game seed: 10540004463775896700, levelgen mode: deterministic

35 Frank2 the Cudgeler (level 3, -1/27 HPs)
             Began as a Demonspawn Gladiator on Mar 18, 2020.
             Slain by a kobold
             ... wielding a +0 short sword
              (4 damage)
             ... on level 2 of the Dungeon.
             The game lasted 00:01:01 (1191 turns).

Frank2 the Cudgeler (Demonspawn Gladiator)          Turns: 1191, Time: 00:01:02

Health: -1/27      AC:  4    Str: 14    XL:     3   Next: 16%
Magic:  0/3        EV: 10    Int:  9    God:
Gold:   97         SH:  0    Dex: 15    Spells: 2/2 levels left

rFire    . . .     SeeInvis .   a - +0 flail
rCold    . . .     Gourm    .   (no shield)
rNeg     . . .     Faith    .   b - +0 leather armour
rPois    .         Spirit   +   c - +0 helmet
rElec    .         Reflect  .   (no cloak)
rCorr    .         Harm     .   (no gloves)
MR       .....                  (no boots)
Stlth    ++........             (no amulet)
HPRegen  0.09/turn              (no ring)
MPRegen  0.08/turn              (no ring)

@: constricted
A: nightstalker 1, magic shield
a: no special abilities


You were on level 2 of the Dungeon.
You were hungry.

You visited 1 branch of the dungeon, and saw 2 of its levels.

You collected 97 gold pieces.

Inventory:

Hand Weapons
 a - a +0 flail (weapon)
Missiles
 d - 3 throwing nets (quivered)
Armour
 b - a +0 leather armour (worn)
 c - a +0 helmet (worn)
 i - a +1 helmet of intelligence
Scrolls
 g - 3 scrolls of remove curse {unknown}
 h - a scroll of fog {unknown}
 j - 2 scrolls of identify {unknown}
 k - 2 scrolls of enchant armour {unknown}
Potions
 e - 2 potions of flight {unknown}
Comestibles
 f - 2 rations


   Skills:
 + Level 2.1 Fighting
 + Level 3.4 Maces & Flails
 - Level 1.7 Throwing
 + Level 0.5 Armour
 + Level 3.0 Dodging


You had 2 spell levels left.
You didn't know any spells.
Your spell library was empty.

Dungeon Overview and Level Annotations

Branches:
Dungeon (2/15)

Altars:


Innate Abilities, Weirdness & Mutations

You are slightly more attuned to the shadows.
When hurt, damage is shared between your health and your magic reserves.


Message History

The jackal barely misses you. The kobold barely misses you.
The jackal bites you.
* * * LOW HITPOINT WARNING * * *
The jackal bites you but does no damage.
The kobold hits you but does no damage.
You hit the jackal.
You kill the jackal!
The jackal closely misses you. The ball python barely misses you. x2
The kobold hits you but does no damage. The jackal completely misses you.
You closely miss the ball python. The ball python bites you.
* * * LOW HITPOINT WARNING * * *
The ball python grabs you. The ball python constricts you.
The jackal bites you.
* * * LOW HITPOINT WARNING * * *
The kobold closely misses you.
The ball python bites you but does no damage.
The ball python constricts you.
You barely miss the ball python. The jackal barely misses you.
The kobold hits you with a +0 short sword.
You die...

# .# .. ##.
..... .. ..$..
.####.
.....#####S.....
........#@h..#.
..........K.....
......#.#.#.##..
#.#.%...#...
###...#####
#......#
#....#.#
......#.#.#
##.####...#


You could see a jackal, a ball python and a kobold.

Vanquished Creatures
  An adder (D:2)
  2 dart slugs (D:1)
  2 bats (D:1)
  4 goblins
  3 hobgoblins (D:1)
  2 jackals (D:2)
  A frilled lizard (D:1)
  5 kobolds (D:1)
  A rat (D:1)
21 creatures vanquished.

Notes
Turn   | Place    | Note
-------+----------+-------------------------------------------
     0 | D:1      | Frank2 the Demonspawn Gladiator began the quest for the
                  | Orb.
     0 | D:1      | Reached XP level 1. HP: 16/16 MP: 1/1
   592 | D:1      | Gained mutation: You are slightly more attuned to the
                  | shadows. [demonic ancestry]
   592 | D:1      | Reached XP level 2. HP: 19/22 MP: 2/2
  1174 | D:2      | Gained mutation: When hurt, damage is shared between your
                  | health and your magic reserves. [demonic ancestry]
  1174 | D:2      | Reached XP level 3. HP: 14/27 MP: 3/3
  1191 | D:2      | Slain by a kobold

Levels and vault maps discovered:
D:1:      elethiomel_arrival_maze, layout_basic
D:2:      layout_basic, first_ration

Skill      XL: |  1  2 |
---------------+-------+-----
Maces & Flails | 3 |  3.4
Dodging        | 3 |  3.0
Fighting       | |  2.1
Throwing       | |  1.7
Armour         | |  0.5

Action                   || total
-------------------------++-------
Melee: Flail             ||    73
  Use: Scroll            ||     1
 Stab: Sleeping          ||     1
Armor: Leather armour    ||    24
Dodge: Dodged            ||    67
